 Dungeon Crawl Stone Soup version 0.27.0-1-g7a089689b8 (webtiles) character file.

Game seed: 16475294733371962618

52 Demosthentine the Poker (level 3, 0/28 HPs)
             Began as a Merfolk Gladiator on Aug 1, 2021.
             Slain by Jessica (5 damage)
             ... on level 2 of the Dungeon.
             The game lasted 00:01:34 (1841 turns).

Demosthentine the Poker (Merfolk Gladiator)         Turns: 1841, Time: 00:01:35

Health: 0/28       AC:  7    Str: 15    XL:     3   Next: 85%
Magic:  0/3        EV: 13    Int:  7    God:
Gold:   79         SH:  0    Dex: 15    Spells: 2/2 levels left

rFire    . . .     SeeInvis .   a - +0 trident
rCold    . . .     Faith    .   (no shield)
rNeg     . . .     Spirit   +   b - +0 leather armour
rPois    .         Reflect  .   c - +0 helmet
rElec    .         Harm     .   (no cloak)
rCorr    .         Rampage  .   (no gloves)
Will     .....                  h - +2 pair of boots
Stlth    +.........             g - amulet of guardian spirit
HPRegen  0.09/turn              (no ring)
MPRegen  0.08/turn              (no ring)

@: hasted, very quick
A: (nimble swimmer 2), mertail
a: no special abilities


You were on level 2 of the Dungeon.
You visited 1 branch of the dungeon, and saw 2 of its levels.

You collected 79 gold pieces.

Inventory:

Hand Weapons
 a - a +0 trident (weapon)
Missiles
 d - 3 throwing nets (quivered)
Armour
 b - a +0 leather armour (worn)
 c - a +0 helmet (worn)
 h - a +2 pair of boots (worn)
Jewellery
 g - an amulet of guardian spirit (around neck)
 i - a ring of magical power
Wands
 m - a wand of flame (5)
Scrolls
 e - 2 scrolls of identify {unknown}
 l - a scroll of magic mapping {unknown}
Potions
 f - a potion of haste
 j - a potion of lignification {unknown}
 k - a potion of might {unknown}
 n - a potion of heal wounds {unknown}


   Skills:
 + Level 2.9 Fighting
 + Level 5.1 Polearms
 - Level 2.0 Throwing
 + Level 1.0 Armour
 + Level 4.6 Dodging


You had 2 spell levels left.
You didn't know any spells.
Your spell library contained the following spells:

 Spells                   Type           Power      Damage    Failure   Level
 Animate Skeleton         Necr           0%         N/A       50%         1
 Apportation              Tloc           0%         N/A       50%         1
 Corona                   Hex            0%         N/A       50%         1
 Sting                    Tmut/Pois      0%         1d3       50%         1
 Summon Small Mammal      Summ           0%         N/A       50%         1
 Ozocubu's Armour         Ice            0%         N/A       86%         3
 Ozocubu's Refrigeration  Ice            0%         4d5       100%        7


Dungeon Overview and Level Annotations

Branches:
Dungeon (2/15)

Altars:
Qazlal

Annotations:
D:2 Jessica


Innate Abilities, Weirdness & Mutations

((You are quick and stealthy near water. (Stealth+, EV+, Speed+++)))
Your lower body shifts to a powerful aquatic tail in water.


Message History

There is an open door here.
There are monsters nearby!
Jessica drinks a potion.
Jessica flickers and vanishes!
Deactivating autopickup; reactivate with Ctrl-A.
You hit the quokka.
You kill the quokka!
No target in view!
No target in view!
No target in view!
No target in view!
You hear some strange, mumbled words.
There is an open door here.
You hear some strange, mumbled words.
Something hits you.
You hear some strange, mumbled words.
Something tries to affect you, but you resist.
No target in view!
No target in view!
You closely miss something.
You hear some strange, mumbled words.
There is an open door here.
You hear some strange, mumbled words.
Something tries to affect you, but you resist.
You hear some strange, mumbled words.
Pain shoots through your body! Something hits you.
You hit something.
You hear some strange, mumbled words.
Something tries to affect you, but you resist.
Something hits you but does no damage.
You closely miss something. Something hits you.
* * * LOW HITPOINT WARNING * * *
You barely miss something. Something hits you.
* * * LOW HITPOINT WARNING * * *
Something hits you but does no damage.
You miss something. Something hits you but does no damage.
It was a potion of haste.
You feel yourself speed up. Something barely misses you.
Something completely misses you.
You hit something. Something hits you.
You die...

### #.. ####### #.# #####.....##
#.# #### #..........## #.# ...#
#.##........#### #.# ##.#
#.##..##'##....# #.#
##.#####.#..##...##...## #.#
#...)†...#..#..†@:#....########..
#..#######..#?....#.....##.......
#..# #..#....?#..#(###.####..
#..# #..##...##..#.###.####..
...# ##..#####..##.......##..
#.## ##.......#######.#.##..
#.#### ##......## ###.#.##..
#.##.## ##.......## ##.#.......
#.....####.........####...##.####


There were no monsters in sight!

Vanquished Creatures
  A dart slug (D:2)
  2 ball pythons
  3 endoplasms
  2 giant cockroaches (D:1)
  6 goblins
  5 hobgoblins
  7 jackals
  3 quokkas
  5 bats
  A frilled lizard (D:1)
  3 kobolds
  5 rats
43 creatures vanquished.

Vanquished Creatures (others)
  4 plants (D:1)
4 creatures vanquished.

Grand Total: 47 creatures vanquished

Notes
Turn   | Place    | Note
-------+----------+-------------------------------------------
     0 | D:1      | Demosthentine the Merfolk Gladiator began the quest for the
                  | Orb.
     0 | D:1      | Reached XP level 1. HP: 16/16 MP: 1/1
     3 | D:1      | Noticed an electric eel
     4 | D:1      | Noticed an electric eel
   159 | D:1      | Reached XP level 2. HP: 23/23 MP: 2/2
   513 | D:1      | Reached XP level 3. HP: 28/28 MP: 3/3
   591 | D:1      | Found a faded altar of an unknown god.
   713 | D:1      | Got Plato's Reference Book on Intoxication
  1087 | D:2      | Reached skill level 5 in Polearms
  1170 | D:2      | Found a stormy altar of Qazlal.
  1196 | D:2      | Reached skill level 1 in Armour
  1819 | D:2      | Noticed Jessica
  1841 | D:2      | Slain by Jessica

Illustrated notes

Levels and vault maps discovered:
D:1:      arrival_aquarium_b, layout_loops_cross,
          shapermc_ecumenical_altar_rom_forum, minmay_tree_intersection,
          corexii_item_surrounded_by_moat, serial_bayou_lagoon_b
D:2:      layout_loops_corners, basic_altar, kennysheep_jessica_study,
          uniq_jessica

Skill      XL: |  1  2  3 |
---------------+----------+-----
Polearms       | 5 |  5.1
Armour         | 1 |  1.0
Fighting       | |  2.9
Throwing       | |  2.0
Dodging        | |  4.6

Action                   || total
-------------------------++-------
Melee: Trident           ||   119
       Tailslap          ||     1
  Use: Scroll            ||     2
       Potion            ||     1
 Stab: Sleeping          ||     3
Armor: Leather armour    ||    21
Dodge: Dodged            ||    42
